 Dungeon Crawl Stone Soup version 0.26-a0-710-g95a0c6c400 (webtiles) character file.

Game seed: 17688542771934496095

207 Ijustatesigmund the Chopper (level 5, -6/38 HPs)
             Began as an Octopode Fighter on Oct 30, 2020.
             Mangled by a gnoll
             ... wielding a +0 flail
              (9 damage)
             ... on level 4 of the Dungeon.
             The game lasted 00:03:37 (2885 turns).

Ijustatesigmund the Chopper (Octopode Fighter)      Turns: 2885, Time: 00:03:38

Health: -6/38      AC:  1    Str: 15    XL:     5   Next: 85%
Magic:  5/5        EV: 12    Int: 10    God:
Gold:   199        SH:  8    Dex: 13    Spells: 4/4 levels left

rFire    . . .     SeeInvis .   a - +0 broad axe
rCold    . . .     Faith    .   b - +0 kite shield
rNeg     . . .     Spirit   .   (helmet restricted)
rPois    .         Reflect  .   (no amulet)
rElec    .         Harm     .   e - ring of flight
rCorr    .         Rampage  .   (no ring)
MR       .....                  (no ring)
Stlth    ++........             (no ring)
HPRegen  0.12/turn              (no ring)
MPRegen  0.09/turn              (no ring)
                                (no ring)
                                (no ring)

@: no status effects
A: almost no armour, stealthy swim, amphibious, 8 rings, constrict 8, camouflage
1, gelatinous body 1
a: Evoke Flight


You were on level 4 of the Dungeon.
You visited 1 branch of the dungeon, and saw 4 of its levels.

You collected 199 gold pieces.

Inventory:

Hand Weapons
 a - a +0 broad axe (weapon)
Missiles
 n - 6 datura-tipped darts (quivered)
Armour
 b - a +0 kite shield (worn)
Jewellery
 e - a ring of flight (left tentacle)
 h - a cursed ring of teleportation {unknown}
Scrolls
 d - a scroll of fog
 j - 4 scrolls of teleportation
 m - a scroll of remove curse
Potions
 c - a potion of might
 f - 2 potions of haste
 g - 2 potions of heal wounds
 i - a potion of curing {unknown}
 k - a potion of brilliance {unknown}


   Skills:
 + Level 4.3 Fighting
 * Level 4.9 Axes
 - Level 3.0 Dodging
 - Level 3.0 Shields


You had 4 spell levels left.
You didn't know any spells.
Your spell library contained the following spells:

 Spells                   Type           Power        Failure   Level
 Confusing Touch          Hex            #.......     99%         3
 Gell's Gravitas          Tloc           #.........   99%         3
 Petrify                  Tmut/Erth      #.......     100%        4
 Metabolic Englaciation   Hex/Ice        #.........   100%        5
 Yara's Violent Unravell  Hex/Tmut       #.........   100%        5


Dungeon Overview and Level Annotations

Branches:
Dungeon (4/15)
 Temple: D:4-7

Altars:
Yredelemnul
Zin

Annotations:
D:3 3 runed translucent doors, stillor's ghost, amateur OpTm


Innate Abilities, Weirdness & Mutations

You cannot wear most types of armour.
You are very stealthy in the water. (Stealth+)
You are amphibious.
You can wear up to eight rings at the same time.
You can use your tentacles to constrict eight enemies at once.
Your skin changes colour to match your surroundings (Stealth+).
Your rubbery body absorbs attacks. (AC +1, EV +1)


Message History

The gnoll hits you from afar with a +0 halberd!
* * * LOW HITPOINT WARNING * * *
You are too injured to fight recklessly!
You are too injured to fight recklessly!
You are too injured to fight recklessly!
You are too injured to fight recklessly!
You are too injured to fight recklessly!
You are too injured to fight recklessly!
You are too injured to fight recklessly!
You are too injured to fight recklessly!
You are too injured to fight recklessly!
You are too injured to fight recklessly!
You are too injured to fight recklessly!
You are too injured to fight recklessly!
You barely miss the gnoll. Your grab misses the gnoll.
The gnoll is almost dead.
The gnoll hits you with a +0 flail!
* * * LOW HITPOINT WARNING * * *
You block the gnoll's attack. The gnoll hits you with a +0 flail!
You die...

##...>.###.. ..##
##.......## ...#
##.........# #..#
#...........
#..####...........
#..#........>.....
#.g..........[....
###†.#####....#.....
###..@g# ###......[_
..##..## ###......
#[###.## #....... #.#
#..## #.#..... #.#
##..# ##.#)..<. #.##
##.######..#..... #..#
#........#......
##.#####..............
#...##..####.##......


You could see 2 gnolls.

Vanquished Creatures
  A phantom (D:4)
  3 gnolls
  2 oozes (D:2)
  A dart slug (D:1)
  4 leopard geckos
  5 orcs
  10 bats
  3 giant cockroaches
  8 goblins
  7 hobgoblins
  4 jackals
  9 frilled lizards
  5 kobolds
  6 rats
68 creatures vanquished.

Vanquished Creatures (others)
  3 withered plants (D:4)
3 creatures vanquished.

Grand Total: 71 creatures vanquished

Notes
Turn   | Place    | Note
-------+----------+-------------------------------------------
     0 | D:1      | Ijustatesigmund the Octopode Fighter began the quest for
                  | the Orb.
     0 | D:1      | Reached XP level 1. HP: 16/16 MP: 1/1
    37 | D:1      | Reached XP level 2. HP: 13/21 MP: 2/2
   268 | D:1      | Reached XP level 3. HP: 24/26 MP: 3/3
  1130 | D:2      | Reached XP level 4. HP: 29/32 MP: 4/4
  1888 | D:3      | Found a runed translucent gate.
  1889 | D:3      | Found a runed translucent gate.
  1936 | D:3      | Found a runed translucent gate.
  1938 | D:3      | Noticed stillor's ghost (amateur OpTm)
  2260 | D:3      | Found a glowing silver altar of Zin.
  2261 | D:3      | Noticed an angel
  2332 | D:4      | Found a basalt altar of Yredelemnul.
  2714 | D:4      | Noticed a phantom
  2726 | D:4      | Killed a phantom
  2726 | D:4      | Reached XP level 5. HP: 21/37 MP: 5/5
  2885 | D:4      | Mangled by a gnoll

Illustrated notes

Levels and vault maps discovered:
D:1:      nicolae_arrival_washed_ashore, layout_rooms, minmay_hedge_maze
D:2:      layout_basic
D:3:      layout_rooms, zin_angel, gammafunk_ghost_necromancy
D:4:      layout_rooms, serial_shops,
          nicolae_shop_temple_entry_statues_fountains,
          yredelemnul_altar_generic, uniq_ijyb, uniq_pikel

Skill      XL: |  1  2  3  4 |
---------------+-------------+-----
Axes           | 3 4 |  4.9
Fighting       | 4 |  4.3
Dodging        | |  3.0
Shields        | |  3.0

Action                   |  1- 3 |  4- 6 || total
-------------------------+-------+-------++-------
Melee: War axe           |    66 |    27 ||    93
       Tentacles         |    16 |    10 ||    26
       Constrict         |    24 |    14 ||    38
       Broad axe         |       |    21 ||    21
  Use: Scroll            |     3 |     5 ||     8
       Potion            |       |     1 ||     1
 Stab: Sleeping          |     1 |     5 ||     6
Armor: Skin              |     5 |     2 ||     7
Dodge: Dodged            |    27 |    13 ||    40
Block: Kite shield       |    28 |    16 ||    44

Table legend: (Time is in decaauts)
 A = Elapsed time spent in this place.
 B = Non-inter-level travel time spent in this place.
 C = Inter-level travel time spent in this place.
 D = Time resting spent in this place.
 E = Time spent auto-exploring this place.
 F = Levels seen in this place.
 G = Mean time per level.
                   A        B        C        D        E       F      G
               +--------+--------+--------+--------+--------+-----+--------+
         Total |   2932 |   2854 |     78 |    541 |   1862 |   4 |  733.0 |
       Dungeon |   2932 |   2854 |     78 |    541 |   1862 |   4 |  733.0 |
               +--------+--------+--------+--------+--------+-----+--------+

Top non-repeatable levels by time:
     D:2: 1075 daAuts
     D:3: 799 daAuts
     D:1: 787 daAuts
     D:4: 270 daAuts
